[Event "*** Titled Tuesday Blitz"]
[Site "Chess.com"]
[Date "2019.01.01"]
[Round "7"]
[White "iLuusions"]
[Black "TST2014"]
[Result "0-1"]
[WhiteElo "2561"]
[BlackElo "2498"]
[TimeControl "180+2"]
[EndTime "14:34:39 PST"]
[Termination "TST2014 won by resignation"]

1. d4 Nf6 2. c4 g6 3. Nf3 Bg7 4. g3 O-O 5. Bg2 d6 6. O-O c5 7. Nc3 Nc6 8. d5 Na5 9. Nd2 a6 10. Qc2 Rb8 11. b3 b5 12. Bb2 e5 13. e4 Nd7 14. Rab1 Nb6 15. Ne2 f5 16. f4 Bd7 17. Nc1 bxc4 18. bxc4 Nbxc4 19. Nxc4 Nxc4 20. Qxc4 Bb5 21. Qc2 Bxf1 22. Bxf1 fxe4 23. fxe5 Qg5 24. Qb3 Rxb3 0-1

[Event "*** Titled Tuesday Blitz"]
[Site "Chess.com"]
[Date "2019.01.01"]
[Round "7"]
[White "BillForster"]
[Black "Qingdom"]
[Result "0-1"]
[WhiteElo "1712"]
[BlackElo "2107"]
[TimeControl "180+2"]
[EndTime "14:35:01 PST"]
[Termination "Qingdom won by checkmate"]

1. d4 Nf6 2. c4 c5 3. d5 e6 4.
Nc3 exd5 5. cxd5 d6 6. e4 g6 7. Bd3 Bg7 8. h3 O-O 9. Nf3 b5 10. Nxb5 Nxe4 11. Bxe4 Re8 12. Nc3 Bxc3+ 13. bxc3 Rxe4+ 14. Be3 Ba6 15. Nd2 Rxe3+ 16. fxe3 Qh4+ 17. g3 Qxg3# 0-1

[Event "*** Titled Tuesday Blitz"]
[Site "Chess.com"]
[Date "2019.01.01"]
[Round "7"]
[White "lucasmito"]
[Black "benhal"]
[Result "0-1"]
[WhiteElo "2381"]
[BlackElo "2182"]
[TimeControl "180+2"]
[EndTime "14:35:09 PST"]
[Termination "benhal won by resignation"]

1. e4 c5 2. Nc3 e6 3. Nf3 Nc6 4. d4 cxd4 5. Nxd4 Qc7 6. Be3 a6 7. Qd2 Nf6 8. f3 b5 9. O-O-O Be7 10. Kb1 Nxd4 11. Bxd4 Bb7 12. g4 O-O 13. h4 Rac8 14.
h5 b4 15. Na4 Nxe4 16. fxe4 Bxe4 17. Bd3 Bxh1 18. Rxh1 Qc6 19. Rf1 Qxa4 20. g5 Qa5 21. Rg1 e5 22. Be3 Bc5 23. g6 Bxe3 24. Qxe3 fxg6 25.
hxg6 h6 26. Bc4+ Rxc4 0-1

[Event "*** Titled Tuesday Blitz"]
[Site "Chess.com"]
[Date "2019.01.01"]
[Round "7"]
[White "BogdanDeac"]
[Black "olksuna"]
[Result "1-0"]
[WhiteElo "2750"]
[BlackElo "2486"]
[TimeControl "180+2"]
[EndTime "14:35:11 PST"]
[Termination "BogdanDeac won by resignation"]

1. e4 c5 2. Nc3 Nc6 3. Nf3 g6 4. d4 cxd4 5. Nxd4 Bg7 6. Be3 Nf6 7.
Bc4 O-O 8. Bb3 Re8 9. f3 e6 10. f4 d6 11. Qf3 a6 12. O-O-O Qc7 13. g4 Nxd4 14. Rxd4 e5 15. fxe5 dxe5 16. Rc4 Qa5 17.
g5 Nh5 18. Rc5 Qd8 19. Bxf7+ Kh8 20. Rd1 Qe7 21. Bxe8 Qxe8 22. Nd5 Qa4 23. Nc7 1-0

[Event "*** Titled Tuesday Blitz"]
[Site "Chess.com"]
[Date "2019.01.01"]
[Round "7"]
[White "Andrew-FB00"]
[Black "Gubajdullin"]
[Result "0-1"]
[WhiteElo "1805"]
[BlackElo "2400"]
[TimeControl "180+2"]
[EndTime "14:35:16 PST"]
[Termination "Gubajdullin won by resignation"]

1. e4 g6 2. d4 Bg7 3. Nf3 d6 4. Nc3 a6 5. a4 Bg4 6. Be2 Nc6 7. Be3 Nf6 8. O-O O-O 9. h3 Bxf3 10. Bxf3 e5 11. d5 Nd4 12. Bxd4 exd4 13. Qxd4 Re8 14. Qd3 Nd7 15. Rfe1 a5 16. Ra3 Nc5 17. Qc4 Ra6 18. Nb5 Bxb2 19. Ra2 Bg7 20. Nd4 Rb6 21. Nb3 Rb4 22.
Qe2 Nxa4 23. Qe3 b6 24. Re2 Nc3 0-1

[Event "*** Titled Tuesday Blitz"]
[Site "Chess.com"]
[Date "2019.01.01"]
[Round "7"]
[White "PenguinPacks"]
[Black "julinha97"]
[Result "1-0"]
[WhiteElo "2238"]
[BlackElo "2110"]
[TimeControl "180+2"]
[EndTime "14:35:27 PST"]
[Termination "PenguinPacks won by resignation"]

1. Nf3 Nf6 2. g3 g6 3. Bg2 Bg7 4. O-O O-O 5. d4 d6 6. Re1 Nbd7 7. a4 e5 8. e4 exd4 9. Nxd4 Re8 10. Nc3 Nc5 11.
a5 a6 12. f4 c6 13. h3 d5 14.
e5 Nfe4 15. Nxe4 Nxe4 16. Re3 f6 17. exf6 Qxf6 18. c3 Bd7 19. Kh2 Nd6 20. Qb3 Kh8 21. Nf3 Bh6 22. Rxe8+ Rxe8 23. Ne5 Bc8 24. Qb4 g5 25.
Qxd6 Qxd6 26. Nf7+ Kg7 27. Nxd6 Rd8 28. Nxc8 1-0

[Event "*** Titled Tuesday Blitz"]
[Site "Chess.com"]
[Date "2019.01.01"]
[Round "7"]
[White "gonzaga23"]
[Black "FightingChess"]
[Result "1-0"]
[WhiteElo "2451"]
[BlackElo "2259"]
[TimeControl "180+2"]
[EndTime "14:35:33 PST"]
[Termination "gonzaga23 won by resignation"]

1. e4 e6 2. Nf3 d5 3. Nc3 Nf6 4. e5 Nfd7 5. d4 c5 6. dxc5 Bxc5 7. Bd3 Nc6 8. Bf4 f6 9. exf6 Nxf6 10. O-O O-O 11. Ne5 a6 12. a3 Bd6 13. Re1 Qc7 14.
Qe2 Nxe5 15. Bxe5 Bxe5 16. Qxe5 Qxe5 17. Rxe5 Bd7 18. f3 Rae8 19. Rae1 Kf7 20. Ne2 Re7 21. Nf4 Rfe8 22. h4 Bc6 23. b4 Nd7 24.
Rg5 e5 25. Ne2 e4 26. fxe4 dxe4 27. Bc4+ Kf8 28. Rf1+ Nf6 29. Rxf6+ 1-0

[Event "*** Titled Tuesday Blitz"]
[Site "Chess.com"]
[Date "2019.01.01"]
[Round "7"]
[White "MehdiHosseinipour"]
[Black "pultineviciuspaulius"]
[Result "0-1"]
[WhiteElo "2560"]
[BlackElo "2614"]
[TimeControl "180+2"]
[EndTime "14:35:36 PST"]
[Termination "pultineviciuspaulius won by checkmate"]

1. e4 e5 2. Nf3 Nc6 3. Bc4 Nf6 4. d3 Be7 5. O-O O-O 6. Re1 d6 7. c3 h6 8. Bb3 Nh7 9. d4 Ng5 10. Nxg5 Bxg5 11. Na3 Bxc1 12. Rxc1 Qf6 13. d5 Ne7 14. Nb5 Bd7 15. Na3 Ng6 16. g3 Qg5 17. Bc2 f5 18. exf5 Bxf5 19. Nc4 Nf4 20. Rf1 Bh3 21. Re1 Bg4 22. h4 Nh3+ 23. Kg2 Rxf2+ 24. Kh1 Bxd1 25. hxg5 Bf3# 0-1

[Event "*** Titled Tuesday Blitz"]
[Site "Chess.com"]
[Date "2019.01.01"]
[Round "7"]
[White "Triumphmate"]
[Black "NTBT_DHS"]
[Result "0-1"]
[WhiteElo "2213"]
[BlackElo "2688"]
[TimeControl "180+2"]
[EndTime "14:35:49 PST"]
[Termination "NTBT_DHS won by resignation"]

1. e4 g6 2. d4 Bg7 3. c3 d6 4.
Bd3 Nf6 5. f4 O-O 6. Nf3 c5 7.
e5 dxe5 8. fxe5 Nd5 9. Be4 cxd4 10. cxd4 Nc6 11. Nc3 Be6 12. O-O Rc8 13. Bd2 Nxc3 14. bxc3 Na5 15. Rb1 b6 16. Ng5 Bxa2 17. Rb2 Bd5 18. Qf3 Bxe4 19. Qxe4 Nc4 20. Ra2 Nxd2 21. Rxd2 Bh6 22. Qh4 Bxg5 23. Qxg5 Rxc3 24. Rdf2 Qxd4 25.
Qxe7 Re3 26. Qxa7 Rxe5 27. Kh1 Qxf2 0-1

[Event "*** Titled Tuesday Blitz"]
[Site "Chess.com"]
[Date "2019.01.01"]
[Round "7"]
[White "essequamvideris"]
[Black "StoreySniper"]
[Result "1-0"]
[WhiteElo "2420"]
[BlackElo "2342"]
[TimeControl "180+2"]
[EndTime "14:36:05 PST"]
[Termination "essequamvideris won by resignation"]

1. Nf3 g6 2. g3 Bg7 3. Bg2 c5 4.
O-O Nc6 5. c4 Nf6 6. Nc3 d5 7.
cxd5 Nxd5 8. Nxd5 Qxd5 9. d3 O-O 10. Be3 b6 11. Nd4 Qxg2+ 12. Kxg2 cxd4 13. Bd2 Bb7 14. f3 e5 15. Rc1 f5 16. Qa4 Rac8 17. Rc2 Rf7 18. Rfc1 Rfc7 19. b4 a6 20. b5 axb5 21. Qxb5 h5 22. Qxb6 Kh7 23. Ba5 Bh6 24. Rb1 Ba8 25.
Qxc7+ Rxc7 26. Bxc7 e4 27. Rb6 Bf8 28. Rbxc6 1-0

[Event "*** Titled Tuesday Blitz"]
[Site "Chess.com"]
[Date "2019.01.01"]
[Round "7"]
[White "mouseWLZ"]
[Black "Hikaru"]
[Result "0-1"]
[WhiteElo "2390"]
[BlackElo "3045"]
[TimeControl "180+2"]
[EndTime "14:36:13 PST"]
[Termination "Hikaru won by resignation"]

1. e4 e5 2. Nf3 Nc6 3. Bb5 a6 4. Ba4 g6 5. O-O Bg7 6. c3 Nge7 7. d4 exd4 8. cxd4 b5 9. Bb3 Na5 10. Bd2 Nxb3 11. Qxb3 O-O 12. Bc3 d5 13. Nbd2 dxe4 14. Nxe4 Bb7 15. Nfd2 Nf5 16. Nc5 Bd5 17. Qb4 c6 18. Nb7 Qg5 19. f3 Ne3 20. Rf2 Nc2 21.
Qc5 Nxa1 22. Ne4 Qc1+ 23. Rf1 Qe3+ 24. Kh1 Bxe4 25. fxe4 Nc2 26. d5 Qxc5 27. Nxc5 Bxc3 28. bxc3 cxd5 29. exd5 Ne3 30. Re1 0-1

[Event "*** Titled Tuesday Blitz"]
[Site "Chess.com"]
[Date "2019.01.01"]
[Round "7"]
[White "andante"]
[Black "MateSchmate"]
[Result "0-1"]
[WhiteElo "2283"]
[BlackElo "2481"]
[TimeControl "180+2"]
[EndTime "14:36:16 PST"]
[Termination "MateSchmate won by checkmate"]

1. e4 e6 2. d4 d5 3. Nc3 Bb4 4. e5 c5 5. a3 Bxc3+ 6. bxc3 Qc7 7. Qg4 f5 8. Qg3 Nc6 9. Bb5 cxd4 10. Ne2 Ne7 11. Qxg7 Rg8 12. Qxh7 dxc3 13. Bf4 Rxg2 14. Ng3 Qb6 15. Bxc6+ bxc6 16. Rf1 Ba6 17.
Qh8+ Kd7 18. Qxa8 Bxf1 19. Be3 d4 20. Bxd4 Qb5 21. Qxa7+ Ke8 22. a4 Qc4 23. Qc5 Qa6 24.
Nxf1 Rg1 25. O-O-O Rxf1 26. Qa7 Rxd1+ 27. Kxd1 Qf1# 0-1

[Event "*** Titled Tuesday Blitz"]
[Site "Chess.com"]
[Date "2019.01.01"]
[Round "7"]
[White "TheNomNomFactor"]
[Black "Babas"]
[Result "0-1"]
[WhiteElo "2405"]
[BlackElo "2287"]
[TimeControl "180+2"]
[EndTime "14:36:17 PST"]
[Termination "Babas won by resignation"]

1. d4 Nf6 2. c4 c5 3. d5 e5 4. Nc3 d6 5. e4 Be7 6. Bd3 Nbd7 7.
Nge2 h5 8. Ng3 g6 9. h4 Ng4 10. Qf3 Bxh4 11. Bd2 Bg5 12. O-O-O Qf6 13. Qe2 Nxf2 14.
Rdf1 Bxd2+ 15. Kxd2 Qg5+ 16. Kc2 Nxh1 17. Nxh1 O-O 18.
Nf2 Nf6 19. Nh3 Bxh3 20. gxh3 h4 21. Nd1 Nh5 22. Ne3 Ng3 23. Qf3 Nxf1 24. Qxf1 Qxe3 0-1

[Event "*** Titled Tuesday Blitz"]
[Site "Chess.com"]
[Date "2019.01.01"]
[Round "7"]
[White "jerom555888"]
[Black "xxysoul6"]
[Result "0-1"]
[WhiteElo "2706"]
[BlackElo "2901"]
[TimeControl "180+2"]
[EndTime "14:36:21 PST"]
[Termination "xxysoul6 won by resignation"]

1. Nf3 g6 2. g3 Bg7 3. d4 Nf6 4. Bg2 O-O 5. O-O d5 6. Nbd2 c5 7. dxc5 Na6 8. Nb3 Ne4 9. Ng5 f5 10. Nxe4 dxe4 11. c3 Be6 12. Nd4 Bf7 13. b4 Nxb4 14.
cxb4 Qxd4 15. Bg5 Qxa1 16. Qxa1 Bxa1 17. Rxa1 Rfd8 18. Bxe7 Rd2 19. a4 Rxe2 20. a5 a6 21. Rb1 Re8 22. Bd6 Rc2 23. h4 Bc4 24. Bf4 Rd8 25.
Bd6 Bb5 26. g4 Bc6 27. Rd1 fxg4 28. Rd4 Re8 29. Bf1 e3 30. fxe3 Rxe3 31. Bc4+ Kg7 32.
Rf4 Re1+ 33. Bf1 Rg2+ 34. Kh1 Rf2+ 0-1

[Event "*** Titled Tuesday Blitz"]
[Site "Chess.com"]
[Date "2019.01.01"]
[Round "7"]
[White "Jbd735"]
[Black "akhairat"]
[Result "1-0"]
[WhiteElo "2466"]
[BlackElo "2227"]
[TimeControl "180+2"]
[EndTime "14:36:22 PST"]
[Termination "Jbd735 won on time"]

1. e4 c5 2. Nf3 a6 3. c4 Nc6 4. d4 cxd4 5. Nxd4 e5 6. Nf5 d6 7.
Nc3 Bxf5 8. exf5 h6 9. g4 Nf6 10. Bg2 Be7 11. Be3 Qa5 12. O-O Rc8 13. Rc1 Qb4 14.
Nd5 Nxd5 15. cxd5 1-0

[Event "*** Titled Tuesday Blitz"]
[Site "Chess.com"]
[Date "2019.01.01"]
[Round "7"]
[White "jk13"]
[Black "HonzaVykouk"]
[Result "0-1"]
[WhiteElo "2699"]
[BlackElo "2662"]
[TimeControl "180+2"]
[EndTime "14:36:41 PST"]
[Termination "HonzaVykouk won by resignation"]

1. e4 c5 2. c3 d5 3. exd5 Qxd5 4. d4 g6 5. Nf3 Bg7 6. Na3 cxd4 7. Bc4 Qe4+ 8. Be3 Nh6 9. Nb5 O-O 10. Nbxd4 Nc6 11. Bd3 Qd5 12. Nxc6 Qxc6 13. O-O Nf5 14. Bf4 Be6 15.
Ne5 Bxe5 16. Bxe5 Rfd8 17. Qe2 Rxd3 18. Qxd3 Bc4 19. Qd2 Bxf1 20. Rxf1 Qe6 21. Re1 Qxa2 22. h3 Qa5 23. Qd3 Rd8 24. Qc4 Qd5 25. Qc7 f6 26. Bg3 e5 27. c4 Qd4 28. Kh2 h5 29. f4 Nxg3 0-1

[Event "*** Titled Tuesday Blitz"]
[Site "Chess.com"]
[Date "2019.01.01"]
[Round "7"]
[White "TBergh98"]
[Black "NemtsevIgor"]
[Result "1-0"]
[WhiteElo "2284"]
[BlackElo "2310"]
[TimeControl "180+2"]
[EndTime "14:36:43 PST"]
[Termination "TBergh98 won by checkmate"]

1. Nf3 c6 2. c4 d6 3. Nc3 Nd7 4. d4 h6 5. e4 g5 6. h3 Bg7 7.
Be3 Ngf6 8. Be2 Qa5 9. O-O g4 10. hxg4 Nxg4 11. Bf4 Qh5 12. Nh2 Ndf6 13. e5 dxe5 14.
dxe5 Rg8 15. exf6 Bxf6 16. Bg3 Bf5 17. Qd2 Rd8 18. Bxg4 Bxg4 19. Qe3 Be6 20. Nf3 Bxc4 21. Rfd1 Be6 22. Rxd8+ Kxd8 23. Qxa7 Rxg3 24. Qb8+ Kd7 25. Rd1+ Bd5 26. Qxb7+ Ke6 27. Qc8+ Kd6 28. Ne4# 1-0

[Event "*** Titled Tuesday Blitz"]
[Site "Chess.com"]
[Date "2019.01.01"]
[Round "7"]
[White "Parhamov"]
[Black "LawrenceTrent"]
[Result "1-0"]
[WhiteElo "2891"]
[BlackElo "2539"]
[TimeControl "180+2"]
[EndTime "14:36:49 PST"]
[Termination "Parhamov won by resignation"]

1. e4 g6 2. d4 Bg7 3. Nf3 d6 4. Bc4 c6 5. Bb3 Nf6 6. Qe2 O-O 7. O-O Bg4 8. Nbd2 Nbd7 9. h3 Bxf3 10. Nxf3 e5 11.
dxe5 dxe5 12. c3 Qe7 13. a4 a5 14. Bc2 Rfd8 15. b3 h6 16. g3 Qe6 17. Kg2 Nc5 18. Ba3 Bf8 19. Qe3 b6 20. b4 axb4 21. cxb4 Nxa4 22.
Bb3 Qe8 23. Rfc1 c5 24. b5 Rd4 25. Nxd4 exd4 26. Qf3 Qxe4 27. Bb2 Qxf3+ 28. Kxf3 Nxb2 29.
Rxa8 d3 30. Ra7 c4 31. Rxc4 Bc5 32. Rf4 Nh7 33. h4 1-0

[Event "*** Titled Tuesday Blitz"]
[Site "Chess.com"]
[Date "2019.01.01"]
[Round "7"]
[White "Indianlad"]
[Black "Rakhmanov_Aleksandr"]
[Result "1/2-1/2"]
[WhiteElo "2852"]
[BlackElo "2830"]
[TimeControl "180+2"]
[EndTime "14:36:58 PST"]
[Termination "Game drawn by agreement"]

1. d4 Nf6 2. c4 d6 3. Nf3 g6 4.
g3 Bg7 5. Bg2 c6 6. Nc3 Bf5 7.
O-O O-O 8. Ne1 Be6 9. b3 d5 10. cxd5 cxd5 11. Nd3 Nc6 12. Nf4 Nxd4 13. Qxd4 Ne4 14.
Qe3 Bxc3 15. Nxe6 fxe6 16. Rb1 Qb6 17. Bxe4 Qxe3 18. Bxe3 dxe4 19. Rbc1 Rfc8 20. Rfd1 Rc7 21. Rd4 Bxd4 22. Rxc7 Bxe3 23. fxe3 Kf7 24. Rxb7 a5 25.
a4 Rc8 26. Rb5 Rc1+ 27. Kf2 Rb1 28. Rxa5 Rxb3 29. Rb5 Ra3 30. Rb4 Kf6 31. Rxe4 h5 32. h4 e5 33. Rb4 e6 34. Kf3 Kf5 35. Rb8 e4+ 36. Kf2 Rxa4 37. Rf8+ 1/2-1/2

[Event "*** Titled Tuesday Blitz"]
[Site "Chess.com"]
[Date "2019.01.01"]
[Round "7"]
[White "enriquetejedor"]
[Black "itisabigworld"]
[Result "0-1"]
[WhiteElo "2521"]
[BlackElo "2390"]
[TimeControl "180+2"]
[EndTime "14:37:01 PST"]
[Termination "itisabigworld won by checkmate"]

1. d3 b6 2. g3 Bb7 3. Nf3 g6 4. Bg2 Bg7 5. O-O e5 6. c4 f5 7. Nc3 Nf6 8. Nxe5 Bxg2 9. Kxg2 Qe7 10. Nf3 Nc6 11. b3 h6 12. Bb2 g5 13. e4 fxe4 14.
dxe4 O-O-O 15. Nd5 Qf7 16. e5 Ng4 17. Re1 Rhe8 18. Re4 Ncxe5 19. Nxe5 Qxf2+ 20. Kh3 Nxe5 21. Bxe5 Rxe5 22. Qh1 Qf5+ 23. Rg4 Kb8 24. Rf1 Qe6 25. Nb4 c6 26. Rd1 h5 27. Nxc6+ dxc6 28. Rxd8+ Kc7 29.
Rd4 hxg4+ 30. Rxg4 Qh6+ 31. Kg2 Re2+ 32. Kf3 Rxh2 33.
Qb1 Qf6+ 34. Ke3 Qf2+ 35. Ke4 Qd4+ 36. Kf5 Qf6+ 37. Ke4 Qe5+ 38. Kd3 Qe2# 0-1

[Event "*** Titled Tuesday Blitz"]
[Site "Chess.com"]
[Date "2019.01.01"]
[Round "7"]
[White "MatyChess1"]
[Black "wannabe2700"]
[Result "0-1"]
[WhiteElo "2489"]
[BlackElo "2556"]
[TimeControl "180+2"]
[EndTime "14:37:12 PST"]
[Termination "wannabe2700 won on time"]

1. e4 e6 2. d3 d5 3. Qe2 Nf6 4. Nf3 c5 5. g3 Nc6 6. Bg2 b5 7.
O-O Be7 8. Re1 a5 9. e5 Nd7 10.
h4 b4 11. h5 h6 12. Bf4 Qc7 13. Nbd2 g5 14. hxg6 fxg6 15. g4 g5 16. Bg3 Bb7 17. c3 O-O-O 18. a3 Rdg8 19. axb4 axb4 20. cxb4 Nxb4 21.
Rec1 h5 22. gxh5 g4 23. Nd4 Qb6 24. N4b3 Ba6 0-1

[Event "*** Titled Tuesday Blitz"]
[Site "Chess.com"]
[Date "2019.01.01"]
[Round "7"]
[White "Fluffey"]
[Black "TwentyHourADay"]
[Result "1-0"]
[WhiteElo "2456"]
[BlackElo "2263"]
[TimeControl "180+2"]
[EndTime "14:37:15 PST"]
[Termination "Fluffey won by resignation"]

1. Nf3 g6 2. g3 Bg7 3. d4 d6 4.
Bg2 Nd7 5. O-O Ngf6 6. b3 O-O 7. Bb2 c6 8. Nbd2 Qc7 9. e4 Re8 10. Re1 e5 11. Nc4 exd4 12. Qxd4 d5 13. exd5 cxd5 14. Rxe8+ Nxe8 15. Qxd5 Bxb2 16. Nxb2 Qxc2 17. Nc4 Ndf6 18. Qd8 b5 19. Nce5 Bb7 20. Qe7 Qc7 21. Qxc7 Nxc7 22. Rc1 Ne6 23. h4 Rc8 24. Rxc8+ Bxc8 25. Ng5 Nd8 26. Kf1 h6 27. Ne4 Nxe4 28. Bxe4 Kf8 29. Nc6 Nxc6 30. Bxc6 b4 31. Ke2 Ke7 32. Kd3 Ba6+ 33.
Kd4 Kd6 34. Be8 g5 35. Bxf7 gxh4 36. gxh4 Be2 37. f4 a5 38. Bc4 Bg4 39. Bd3 Be6 40.
f5 Bf7 41. Bc4 1-0

[Event "*** Titled Tuesday Blitz"]
[Site "Chess.com"]
[Date "2019.01.01"]
[Round "7"]
[White "Peng_Li-Min"]
[Black "robbykevlishvili"]
[Result "1-0"]
[WhiteElo "2688"]
[BlackElo "2770"]
[TimeControl "180+2"]
[EndTime "14:37:16 PST"]
[Termination "Peng_Li-Min won by resignation"]

1. e4 e5 2. Nf3 Nc6 3. Bb5 a6 4. Bxc6 dxc6 5. O-O f6 6. d4 exd4 7. Nxd4 c5 8. Nb3 Qxd1 9. Rxd1 Bd6 10. Nc3 Be6 11. Be3 b6 12. a4 O-O-O 13. a5 Bxb3 14. cxb3 b5 15. Nd5 Ne7 16. Rac1 Nxd5 17. exd5 Rhe8 18. g3 Re5 19. Bxc5 Re2 20. Bd4 Bb4 21.
Bc3 Bc5 22. Bxf6 Bxf2+ 23. Kf1 Rde8 24. d6 Ba7 25. d7+ Kb7 26. dxe8=Q Rxe8 27. Bd4 1-0

[Event "*** Titled Tuesday Blitz"]
[Site "Chess.com"]
[Date "2019.01.01"]
[Round "7"]
[White "PrinceCharming92"]
[Black "2165149677570"]
[Result "1-0"]
[WhiteElo "2460"]
[BlackElo "2346"]
[TimeControl "180+2"]
[EndTime "14:37:19 PST"]
[Termination "PrinceCharming92 won by resignation"]

1. e4 c5 2. Nc3 a6 3. f4 b5 4. d3 Bb7 5. Nf3 e6 6. g3 d5 7. e5 Nc6 8. Bg2 Nge7 9. O-O h5 10. h3 Nf5 11. Ne2 d4 12. Bd2 Be7 13. a3 Qd7 14.
Qe1 g6 15. Qf2 Bd8 16. Rae1 Nce7 17. g4 hxg4 18. hxg4 Nh6 19. Qg3 Nd5 20. Ng5 Bb6 21. Ne4 Bc6 22. Nd6+ Ke7 23. Qh4+ Kf8 24. f5 Ne3 25.
Bxe3 dxe3 26. fxg6 Bxg2 27. Kxg2 Kg7 28. Qf6+ Kg8 29.
gxf7+ Kh7 30. Rh1 1-0

[Event "*** Titled Tuesday Blitz"]
[Site "Chess.com"]
[Date "2019.01.01"]
[Round "7"]
[White "WorldChampionBulletChess"]
[Black "BillCoe"]
[Result "1-0"]
[WhiteElo "2102"]
[BlackElo "1982"]
[TimeControl "180+2"]
[EndTime "14:37:26 PST"]
[Termination "WorldChampionBulletChess won by resignation"]

1. d4 d5 2. Nf3 c6 3. g3 Bf5 4.
Bg2 e6 5. O-O Be7 6. b3 Nf6 7. Bb2 O-O 8. Nbd2 Nbd7 9. c4 c5 10.
e3 Rc8 11. dxc5 Nxc5 12. Ba3 Nce4 13. Bxe7 Qxe7 14. Nxe4 Bxe4 15. cxd5 Bxd5 16. Qd4 Rfd8 17. Qxa7 Qc7 18. Qd4 Qc6 19. Qf4 Nh5 20. Qg4 g6 21.
Nh4 f5 22. Qg5 Bxg2 23. Nxg2 Rd2 24. Nf4 Ng7 25. Qf6 Rf8 26. Qe5 Re8 27. Rac1 Qf3 28. Rc7 1-0

[Event "*** Titled Tuesday Blitz"]
[Site "Chess.com"]
[Date "2019.01.01"]
[Round "7"]
[White "OparinGrigoriy"]
[Black "Chessialist"]
[Result "1-0"]
[WhiteElo "2913"]
[BlackElo "2547"]
[TimeControl "180+2"]
[EndTime "14:37:27 PST"]
[Termination "OparinGrigoriy won by resignation"]

1. Nf3 Nf6 2. g3 b5 3. Bg2 Bb7 4. O-O e6 5. a4 b4 6. d3 Be7 7. Nbd2 O-O 8. b3 a5 9. Bb2 d5 10. e4 c5 11. Re1 Nc6 12. exd5 Nxd5 13. Nc4 Bf6 14. Nfe5 Nxe5 15. Nxe5 Qc7 16. Qg4 Rad8 17. h4 Ne7 18. Bxb7 Qxb7 19. h5 Nf5 20. Re4 Rd5 21.
Rae1 h6 22. Kh2 Qc7 23. Qf4 Bg5 24. Qf3 Bf6 25. Kh3 Rfd8 26. g4 Nd4 27. Bxd4 Rxd4 28. Nc4 Rxe4 29. Rxe4 Bd4 30. Kg2 Rd5 31. Qg3 Qd8 32.
f4 Bf6 33. Qf3 Bd4 34. Kh3 Bf6 35. Qe2 Bd4 36. f5 e5 37. Qf3 f6 38. Re2 Kf7 39.
Nxa5 Qd7 40. Nc4 Kg8 41. Nb6 1-0

[Event "*** Titled Tuesday Blitz"]
[Site "Chess.com"]
[Date "2019.01.01"]
[Round "7"]
[White "MerdeNoms943"]
[Black "harperchesstt"]
[Result "1-0"]
[WhiteElo "2256"]
[BlackElo "2112"]
[TimeControl "180+2"]
[EndTime "14:37:39 PST"]
[Termination "MerdeNoms943 won by resignation"]

1. e4 c5 2. Nf3 d6 3. d4 cxd4 4. Nxd4 Nf6 5. Nc3 g6 6. Be3 Bg7 7. f3 O-O 8. Qd2 Nc6 9. Bc4 Bd7 10. O-O-O Ne5 11. Bb3 Qa5 12. Kb1 Rfc8 13. Bg5 Rxc3 14. Qxc3 Qxc3 15. bxc3 Rc8 16. Rhe1 Be8 17. f4 Nc4 18. e5 dxe5 19. fxe5 Nd5 20. Rd3 b5 21. Nxb5 e6 22. Bxc4 Bxb5 23. Bxb5 Rb8 24. c4 1-0

[Event "*** Titled Tuesday Blitz"]
[Site "Chess.com"]
[Date "2019.01.01"]
[Round "7"]
[White "SanchezKelvin"]
[Black "juniortay"]
[Result "1-0"]
[WhiteElo "2544"]
[BlackElo "2401"]
[TimeControl "180+2"]
[EndTime "14:37:48 PST"]
[Termination "SanchezKelvin won by resignation"]

1. d4 Nf6 2. c4 g6 3. Nc3 Bg7 4. e4 d6 5. Nf3 O-O 6. Be2 c5 7.
O-O cxd4 8. Nxd4 Nc6 9. Be3 Bd7 10. Qd2 Nxd4 11. Bxd4 Bc6 12. f3 a5 13. b3 Nd7 14. Be3 Nc5 15. Rfc1 Qb6 16. Rab1 Qb4 17. Qb2 a4 18. a3 Qxb3 19. Qa1 f5 20. Bxc5 dxc5 21.
Rxb3 axb3 22. exf5 gxf5 23. Bd1 Rfd8 24. Bxb3 Rd3 25.
Qb2 Rad8 26. Ba2 Rd2 27. Qb3 Bd4+ 28. Kf1 Rf2+ 29. Ke1 Rxg2 30. Nd5 e6 31. Ne7+ Kf8 32. Nxc6 bxc6 33. Rc2 Rg1+ 34. Ke2 Rg2+ 35. Kd3 Be3+ 36. Kxe3 1-0

[Event "*** Titled Tuesday Blitz"]
[Site "Chess.com"]
[Date "2019.01.01"]
[Round "7"]
[White "afgano29"]
[Black "RajdeepS"]
[Result "1-0"]
[WhiteElo "2654"]
[BlackElo "2494"]
[TimeControl "180+2"]
[EndTime "14:37:56 PST"]
[Termination "afgano29 won by resignation"]

1. d4 e6 2. Nf3 b6 3. g3 Bb7 4.
Bg2 c5 5. O-O Nf6 6. c4 cxd4 7.
Qxd4 Nc6 8. Qf4 Ne7 9. Nc3 Ng6 10. Qd2 Rc8 11. b3 Bb4 12. Bb2 d5 13. a3 Ne4 14.
Qc2 Bxc3 15. Bxc3 Nxc3 16. Qxc3 O-O 17. Rfd1 Qe7 18. Qb4 dxc4 19. Qxe7 Nxe7 20. Rd7 Bxf3 21. Bxf3 cxb3 22. Rb1 Nc6 23. Rxb3 Na5 24. Rbd3 a6 25.
Ra7 Nc4 26. Rxa6 Ne5 27. Rb3 Nxf3+ 28. exf3 h5 29. h4 Ra8 30. Raxb6 Ra4 31. R6b4 Ra6 32. a4 Rfa8 33. Rb8+ Rxb8 34. Rxb8+ Kh7 35. Rb4 Kg6 36. Kf1 Kf5 37. Ke2 Ke5 38. Kd3 Kd5 39. Rb5+ Kc6 40.
Rxh5 Rxa4 41. Rh7 Ra3+ 42. Ke2 Ra2+ 43. Kf1 Kd6 44. Rxg7 Ke7 45. Rg4 Kf6 46. Kg2 Ra5 47. Re4 Rf5 48. g4 Ra5 49. Kg3 Kg6 50. f4 Ra3+ 51.
f3 Ra1 52. Re5 Rg1+ 53. Kf2 Rh1 54. h5+ Kh6 55. f5 exf5 56. Rxf5 Kg7 57. Kg2 Rh4 58. Rd5 f6 59. Rd1 f5 60. Kg3 1-0

[Event "*** Titled Tuesday Blitz"]
[Site "Chess.com"]
[Date "2019.01.01"]
[Round "7"]
[White "Blitzstream"]
[Black "VNeimer"]
[Result "1-0"]
[WhiteElo "2556"]
[BlackElo "2409"]
[TimeControl "180+2"]
[EndTime "14:37:56 PST"]
[Termination "Blitzstream won by resignation"]

1. e4 c5 2. Nf3 Nc6 3. d4 cxd4 4. Nxd4 e5 5. Nb5 d6 6. N1c3 a6 7. Na3 Be7 8. Nc4 b5 9. Ne3 Nf6 10. f3 O-O 11. Be2 Be6 12. O-O Qb6 13. Kh1 Rac8 14.
Ned5 Bxd5 15. exd5 Nd4 16. Bg5 b4 17. Bxf6 Bxf6 18. Ne4 Nxc2 19. Nxf6+ gxf6 20. Bd3 Nxa1 21. f4 Qe3 22. Bf5 Rfd8 23. Bxc8 Rxc8 24. Qg4+ Kh8 25. Qxc8+ Kg7 26. fxe5 1-0

[Event "*** Titled Tuesday Blitz"]
[Site "Chess.com"]
[Date "2019.01.01"]
[Round "7"]
[White "andrzej"]
[Black "vovachesss"]
[Result "1-0"]
[WhiteElo "2269"]
[BlackElo "2478"]
[TimeControl "180+2"]
[EndTime "14:38:04 PST"]
[Termination "andrzej won by resignation"]

1. d4 Nc6 2. e4 d6 3. Nc3 g6 4.
Nf3 Bg7 5. Be2 e5 6. Be3 Nf6 7. dxe5 Ng4 8. Bg5 Qd7 9. exd6 cxd6 10.
O-O O-O 11. Nd5 h6 12. Bd2 Bxb2 13. h3 Nf6 14. Rb1 Nxd5 15. exd5 Bg7 16. dxc6 bxc6 17. Be3 c5 18. Bc4 a5 19. Bd5 Ra7 20. Qd2 Kh7 21. c4 f5 22. Rfd1 Qd8 23. Bf4 g5 24. Bxd6 Re8 25.
Bxc5 Rc7 26. Bb6 f4 27. Bxc7 Qxc7 28. Qd3+ Kh8 29. Qg6 Rf8 30. Be4 1-0